 Dungeon Sprint DCSS version 0.20-a0-833-gc632bec (webtiles) character file.

180 Kidiri the Thaumaturge (level 5, -1/32 HPs)
             Began as a Deep Elf Fire Elementalist on Mar 7, 2017.
             Was an Initiate of Vehumet.
             Killed from afar by a deep elf mage (33 damage)
             ... with a bolt of negative energy
             ... in the Dungeon (Sprint III: "The Ten Rune Challenge").
             The game lasted 00:03:16 (939 turns).

Kidiri the Thaumaturge (Deep Elf Fire Elementalist)  Turns: 939, Time: 00:03:27

Health: -1/32      AC:  5    Str:  5    XL:     5   Next: 33%
Magic:  17/17      EV: 15    Int: 23    God:    Vehumet [......]
Gold:   36         SH:  0    Dex: 15    Spells: 2/20 levels left

rFire    . . .     SeeInvis .   s - +0 dagger
rCold    . . .     Gourm    .   a - +0 robe
rNeg     . . .     Faith    .   (no shield)
rPois    .         Spirit   .   (no helmet)
rElec    .         Reflect  .   j - +2 cloak {MR+}
rCorr    .         Harm     .   (no gloves)
MR       +....     NoTele   +   (no boots)
Stlth    ++........             (no amulet)
Regen    0.1/turn               (no ring)
MPRegen  0.2/turn               (no ring)

@: drained
A: hooves 1, clever 1, no potion heal 1
a: Renounce Religion


You were in the Dungeon.
You worshipped Vehumet.
Vehumet was noncommittal.
You were not hungry.

You visited 1 branch You collected 36 gold pieces.

Inventory:

Hand Weapons
 s - a +0 dagger (weapon)
Armour
 a - a +0 robe (worn)
 j - a +2 cloak of magic resistance (worn)
Scrolls
 i - a scroll of blinking
 k - 2 scrolls of immolation
 l - 3 scrolls of identify
 m - 3 scrolls of remove curse
Potions
 f - a potion of haste
 g - a potion of magic
 h - a potion of berserk rage
 o - 4 potions of flight
 q - 2 potions of mutation
Books
 b - a book of Flames

   Spells                             Type                      Level
   a - Flame Tongue                   Conjuration/Fire             1
   b - Throw Flame                    Conjuration/Fire             2
   c - Conjure Flame                  Conjuration/Fire             3
   d - Inner Flame                    Hexes/Fire                   3
   e - Sticky Flame                   Conjuration/Fire             4
   f - Fireball                       Conjuration/Fire             5
 d - a book of Minor Magic

   Spells                             Type                      Level
   a - Magic Dart                     Conjuration                  1
   b - Blink                          Translocation                2
   c - Call Imp                       Summoning                    2
   d - Slow                           Hexes                        2
   e - Conjure Flame                  Conjuration/Fire             3
   f - Mephitic Cloud                 Conjuration/Poison/Air       3
 e - a book of Cantrips

   Spells                             Type                      Level
   a - Confusing Touch                Hexes                        1
   b - Animate Skeleton               Necromancy                   1
   c - Summon Small Mammal            Summoning                    1
   d - Apportation                    Translocation                1
Comestibles
 c - a bread ration
 n - a royal jelly
 p - 4 fruits
 r - 2 chunks of flesh


   Skills:
 + Level 3.1(2.5) Fighting
 + Level 0.0 Short Blades
 + Level 3.1(2.5) Armour
 + Level 5.4(4.8) Dodging
 - Level 2.4(1.8) Stealth
 * Level 8.3(7.6) Spellcasting
 + Level 4.5(3.9) Conjurations
 + Level 5.5(4.8) Fire Magic


You had 2 spell levels left.
You knew the following spells:

 Your Spells              Type           Power        Failure   Level  Hunger
a - Flame Tongue          Conj/Fire      ####.        1%          1    None
b - Throw Flame           Conj/Fire      ####..       1%          2    None
c - Conjure Flame         Conj/Fire      ####....     4%          3    None
d - Inner Flame           Hex/Fire       ###.....     10%         3    None
e - Sticky Flame          Conj/Fire      ####....     14%         4    ###....
f - Fireball              Conj/Fire      ####......   38%         5    #####..


Dungeon Overview and Level Annotations

Branches:
Dungeon (1/1)

Altars:
Elyvilon
Kikubaaqudgha
Sif Muna
Vehumet
Zin
The Shining One


Innate Abilities, Weirdness & Mutations

You have large cloven feet.
Your mind is acute. (Int +2)
Potions are less effective at restoring your health.


Message History

You close the door.
There is a fountain of clear blue water here.
There is a fountain of clear blue water here.
You start resting.
You start resting.
HP restored.
Unknown command.
Okay, then.
You open the door.
Found a glowing silver altar of Zin.
A deep elf mage comes into view.
It is wielding a long sword of holy wrath.
Found a potion of heal wounds.
Found two altars.
There is an open door here.
The helpless deep elf mage fails to defend itself.
You puncture the deep elf mage!
The deep elf mage is lightly wounded.
The deep elf mage gestures at you while chanting.
The bolt of negative energy hits you!
You feel drained.
Ouch! That really hurt!
You die...

▓▓▓▓▓ ▓▓▓ #...####
##.#####
#......#####..#___# _
#..[....#..#..#e@.#
##.##...#..#..###'#+###+
##.###..##'#..#..........
###.##..###...'.⌠........
#..##..####...#...######+
...##..###....#.⌠.# ,
..##...##.....#...#
.##....#......#+### _
###..##)#.....#.[.#__


You could see a deep elf mage.

Vanquished Creatures
  A water elemental (D)
  Crazy Yiuf (D)
  Jessica (D)
  A wizard (D)
  A kobold demonologist (D)
  A human (D)
  An ooze (D)
  2 rats (D)
9 creatures vanquished.

Vanquished Creatures (others)
  2 draconian scorchers (D)
  A yaktaur (D)
  6 hellions (D)
  5 plants (D)
14 creatures vanquished.

Grand Total: 23 creatures vanquished

Notes
Turn   | Place    | Note
-------+----------+-------------------------------------------
     0 | D        | Kidiri the Deep Elf Fire Elementalist began the quest for the Orb.
     0 | D        | Reached XP level 1. HP: 10/10 MP: 6/6
   111 | D        | Killed a hellion
   122 | D        | Killed a hellion
   124 | D        | Killed a hellion
   125 | D        | Killed a hellion
   135 | D        | Killed a hellion
   191 | D        | Noticed Jessica
   197 | D        | Killed Jessica
   197 | D        | Reached skill level 1 in Fighting
   197 | D        | Reached skill level 1 in Armour
   197 | D        | Reached skill level 5 in Spellcasting
   197 | D        | Reached XP level 2. HP: 13/16 MP: 3/10
   197 | D        | Reached XP level 3. HP: 17/20 MP: 3/11
   197 | D        | Killed a yaktaur
   201 | D        | Learned a level 2 spell: Throw Flame
   205 | D        | Learned a level 3 spell: Conjure Flame
   209 | D        | Learned a level 3 spell: Inner Flame
   209 | D        | Killed a white draconian scorcher
   251 | D        | Killed a white draconian scorcher
   255 | D        | Killed a hellion
   547 | D        | Noticed Crazy Yiuf
   556 | D        | Killed Crazy Yiuf
   556 | D        | Reached skill level 6 in Spellcasting
   556 | D        | Reached XP level 4. HP: 26/26 MP: 5/14
   598 | D        | Learned a level 4 spell: Sticky Flame
   696 | D        | Gained mutation: Your system is resistant to poisons. (rPois) [potion of mutation]
   696 | D        | Gained mutation: You passively map a small area around you. [potion of mutation]
   773 | D        | Lost mutation: You passively map a small area around you. [potion of mutation]
   773 | D        | Lost mutation: Your system is resistant to poisons. (rPois) [potion of mutation]
   773 | D        | Gained mutation: You are frail. (-10% HP) [potion of mutation]
   773 | D        | Gained mutation: Your body sometimes deteriorates upon taking damage. [potion of mutation]
   773 | D        | Gained mutation: You are partially covered in yellow scales. (AC +2) [potion of mutation]
   773 | D        | Gained mutation: You have sharp toenails. [potion of mutation]
   774 | D        | Lost mutation: Your body sometimes deteriorates upon taking damage. [potion of mutation]
   774 | D        | Lost mutation: You are frail. (-10% HP) [potion of mutation]
   774 | D        | Lost mutation: You have sharp toenails. [potion of mutation]
   774 | D        | Lost mutation: You are partially covered in yellow scales. (AC +2) [potion of mutation]
   774 | D        | Gained mutation: Your magical capacity is low. (-10% MP) [potion of mutation]
   774 | D        | Gained mutation: You are partially covered in yellow scales. (AC +2) [potion of mutation]
   775 | D        | Lost mutation: You are partially covered in yellow scales. (AC +2) [potion of mutation]
   775 | D        | Lost mutation: Your magical capacity is low. (-10% MP) [potion of mutation]
   775 | D        | Gained mutation: Potions are less effective at restoring your health. [potion of mutation]
   775 | D        | Gained mutation: You have large cloven feet. [potion of mutation]
   775 | D        | Gained mutation: Your mind is acute. (Int +2) [potion of mutation]
   802 | D        | Noticed a water elemental
   804 | D        | Killed a water elemental
   804 | D        | Reached skill level 5 in Dodging
   804 | D        | Reached skill level 7 in Spellcasting
   804 | D        | Reached skill level 5 in Fire Magic
   860 | D        | Found a radiant altar of Vehumet.
   861 | D        | Found a deep blue altar of Sif Muna.
   861 | D        | Found an ancient bone altar of Kikubaaqudgha.
   861 | D        | Noticed a wizard
   864 | D        | Killed a wizard
   864 | D        | Reached skill level 8 in Spellcasting
   864 | D        | Reached XP level 5. HP: 28/32 MP: 11/17
   873 | D        | Learned a level 5 spell: Fireball
   887 | D        | Became a worshipper of Vehumet
   936 | D        | Found a glowing silver altar of Zin.
   937 | D        | Found a glowing golden altar of the Shining One.
   937 | D        | Found a white marble altar of Elyvilon.
   937 | D        | Noticed a deep elf mage
   939 | D        | Killed from afar by a deep elf mage

Vault maps used:
D:        dungeon_sprint_mu

Skill      XL: |  1  2  3  4 |
---------------+-------------+-----
Fighting       | 1 2 3 |  3.1
Armour         | 1 2 3 |  3.1
Dodging        | 3 4 5 |  5.4
Spellcasting   | 5 6 8 |  8.3
Conjurations   | 2 3 4 |  4.5
Fire Magic     | 4 5 |  5.5
Stealth        | |  2.4

Action                   |  1- 3 |  4- 6 || total
-------------------------+-------+-------++-------
Melee: Dagger            |       |     1 ||     1
 Cast: Flame Tongue      |    28 |     2 ||    30
       Conjure Flame     |     2 |     1 ||     3
       Sticky Flame      |       |     3 ||     3
  Use: Potion            |     2 |     5 ||     7
       Scroll            |       |     1 ||     1
 Stab: Sleeping          |       |     1 ||     1
Dodge: Dodged            |     5 |       ||     5
